 Dungeon Crawl Stone Soup version 0.31-a0-222-gefeffbb62a (webtiles) character file.

Game seed: 6943441929112464704

49 qw the Shooter (level 3, -2/29 HPs)
             Began as a Minotaur Hexslinger on July 5, 2023.
             Killed from afar by Sigmund (8 damage)
             ... with a magic dart
             ... on level 2 of the Dungeon.
             The game lasted 00:00:23 (1113 turns).

qw the Shooter (Minotaur Hexslinger)                Turns: 1113, Time: 00:00:23

Health: -2/29      AC:  5    Str: 12    XL:     3   Next: 51%
Magic:  3/3        EV: 11    Int: 10    God:
Gold:   84         SH:  0    Dex: 14    Spells: 3/4 levels left

rFire   . . .        a - +1 sling
rCold   . . .        (no shield)
rNeg    . . .        g - +0 ring mail
rPois   .            (helmet restricted)
rElec   .            (no cloak)
rCorr   .            (no gloves)
SInv    .            (no boots)
Will    .....        (no amulet)
Stlth   +            (no ring)
HPRegen 0.24/turn    (no ring)
MPRegen 0.08/turn

%: no passive effects
@: no status effects
A: horns 2, retaliatory headbutt
a: no special abilities


You were on level 2 of the Dungeon.
You visited 1 branch of the dungeon, and saw 2 of its levels.

You collected 84 gold pieces.


Innate Abilities, Weirdness & Mutations

You have a pair of horns on your head.
You reflexively headbutt those who attack you in melee.


   Skills:
 - Level 2.0 Fighting
 - Level 4.0 Ranged Weapons
 + Level 0.1 Armour
 - Level 2.1 Dodging
 - Level 1.0 Spellcasting
 - Level 2.0 Hexes


You had 3 spell levels left.
You knew the following spells:

 Your Spells              Type           Power      Damage    Failure   Level
a - Slow                  Hex            16%        N/A       34%         1

Your spell library contained the following spells:

 Spells                   Type           Power      Damage    Failure   Level
 Inner Flame              Hex/Fire       2%         N/A       83%         3
 Portal Projectile        Hex/Tloc       4%         N/A       83%         3
 Cause Fear               Hex            2%         N/A       98%         4

Inventory:

Hand Weapons
 a - a +1 sling (weapon)
Armour
 g - a +0 ring mail (worn)
 i - the +3 leather armour "Gour" {rN+ MP+9}
   (You found it on level 2 of the Dungeon)

   rN:        It protects you from negative energy.
   MP:        It affects your magic capacity (+9).
Scrolls
 b - a scroll of fear {unknown}
 h - a scroll of silence {unknown}
Potions
 c - a potion of mutation {unknown}
 d - a potion of resistance {unknown}
 e - a potion of curing
 f - a potion of might {unknown}

Dungeon Overview and Level Annotations

Branches:
Dungeon (2/15)

Altars:
The Shining One

Annotations:
D:2 Sigmund


Message History

You shoot a sling bullet. The sling bullet hits Sigmund.
Sigmund is moderately wounded.
Sigmund closely misses you.
You shoot a sling bullet. The sling bullet hits Sigmund.
Sigmund is heavily wounded.
Sigmund casts a spell at you. The magic dart hits you.
You shoot a sling bullet. The sling bullet hits Sigmund.
Sigmund is heavily wounded.
Sigmund hits you from afar with a +0 scythe.
You shoot a sling bullet. The sling bullet barely misses Sigmund.
Sigmund barely misses you.
You shoot a sling bullet. The sling bullet barely misses Sigmund.
Sigmund hits you from afar with a +0 scythe!
Enter note:
Enter note:
1104 ||| UPGRADING to +3 leather armour "Gour" {rN+ MP+9}.
Sigmund barely misses you.
You start removing your armour.
You continue taking off your +0 ring mail. x2
Sigmund hits you from afar with a +0 scythe!
You stop removing your armour.
1107 ||| UPGRADING to +3 leather armour "Gour" {rN+ MP+9}.
Sigmund hits you from afar with a +0 scythe.
You stop removing your armour.
1108 ||| UPGRADING to +3 leather armour "Gour" {rN+ MP+9}.
You start removing your armour.
You continue taking off your +0 ring mail.
Sigmund misses you.
You continue taking off your +0 ring mail.
Sigmund flickers, as though insubstantial.
Sigmund hits you but does no damage.
You stop removing your armour.
1111 ||| UPGRADING to +3 leather armour "Gour" {rN+ MP+9}.
You start removing your armour.
You continue taking off your +0 ring mail.
Sigmund barely misses you.
You continue taking off your +0 ring mail.
Sigmund gestures at you while chanting.
You stop removing your armour.
The magic dart hits you!
You die...

#.#.## #..### #....#
#%.#....#
####.########..#....#
...............#....#
..###.########.#....#
......#.# #.#....#
........# #.#@...#
..#####.# #.#....# .##
#.######.#@...# .#
#.##......##.....# ####
#.##......##.###.#
...####.##....).<#.#
##.#....##......##.#
#...#########.###.#
##..####### #...#.#
##.)%....# #.#.#.#
#.#####.###.....########


You could see Sigmund.

Vanquished Creatures
  An adder (D:2)
  A worm (D:2)
  2 dart slugs
  3 ball pythons
  5 endoplasms
  2 giant cockroaches
  2 goblins
  7 jackals
  4 frilled lizards
  3 rats (D:2)
30 creatures vanquished.

Notes
Turn   | Place    | Note
-------+----------+-------------------------------------------
     0 | D:1      | qw the Minotaur Hexslinger began the quest for the Orb.
     0 | D:1      | Reached XP level 1. HP: 16/16 MP: 1/1
     0 | D:1      | 0 ||| qw: Version: 0.3-a-46-gb1f654a
     0 | D:1      | 0 ||| qw: Game counter: 1037
     0 | D:1      | 0 ||| qw: Melee chars always use a shield: true
     0 | D:1      | 0 ||| qw: God list: Okawaru
     0 | D:1      | 0 ||| qw: Allow faded altars: false
     0 | D:1      | 0 ||| qw: Do Orc after clearing Dungeon:15 true
     0 | D:1      | 0 ||| qw: Do second Lair branch before Depths: true
     0 | D:1      | 0 ||| qw: Lair rune preference: random
     0 | D:1      | 0 ||| qw: Goals: Normal
     0 | D:1      | 0 ||| PLANNING D:1-11
   185 | D:1      | Reached skill level 3 in Ranged Weapons
   228 | D:1      | Reached XP level 2. HP: 23/23 MP: 2/2
   693 | D:1      | 693 ||| UPGRADING to +0 ring mail.
   703 | D:1      | 703 ||| DROPPING +0 robe.
   704 | D:1      | 704 ||| DRINKING 2 lumpy cyan potions.
   705 | D:1      | 705 ||| DROPPING scroll of poison.
   872 | D:2      | Reached XP level 3. HP: 29/29 MP: 3/3
   878 | D:2      | Found a glowing golden altar of the Shining One.
   889 | D:2      | Identified the +3 leather armour "Gour" {rN+ MP+9}
   978 | D:2      | Reached skill level 4 in Ranged Weapons
  1095 | D:2      | Noticed Sigmund
  1104 | D:2      | 1104 ||| UPGRADING to +3 leather armour "Gour" {rN+ MP+9}.
  1106 | D:2      | HP: 6/29 [Sigmund/+0 scythe (7)]
  1107 | D:2      | 1107 ||| UPGRADING to +3 leather armour "Gour" {rN+ MP+9}.
  1108 | D:2      | 1108 ||| UPGRADING to +3 leather armour "Gour" {rN+ MP+9}.
  1111 | D:2      | 1111 ||| UPGRADING to +3 leather armour "Gour" {rN+ MP+9}.
  1113 | D:2      | Killed from afar by Sigmund

Levels and vault maps discovered:
D:1:      ncdulo_smallfort, layout_basic
D:2:      layout_basic, basic_altar, uniq_sigmund

Skill      XL: |  1  2  3 |
---------------+----------+-----
Ranged Weapons | 3 4 |  4.0
Fighting       | 2 |  2.0
Armour         | |  0.1
Dodging        | |  2.1
Spellcasting   | |  1.0
Hexes          | |  2.0

Action                     || total
---------------------------++-------
   Fire: Sling             ||    96
    Use: Potion            ||     1
 Armour: Ring mail         ||    11
         Robe              ||     4
  Dodge: Dodged            ||    37

Table legend:
 A = Non-vault XP
 B = Vault XP
 C = Vault XP percentage of total XP
 D = Non-vault monster count
 E = Vault monster count
 F = Vault count percentage of total count
                 A         B        C        D         E       F
            +---------+---------+-------+---------+---------+-------
      Total |      70 |       0 |   0.0 |      30 |       0 |   0.0
            +---------+---------+-------+---------+---------+-------
        D:1 |      23 |       0 |   0.0 |      12 |       0 |   0.0
        D:2 |      47 |       0 |   0.0 |      18 |       0 |   0.0
            +---------+---------+-------+---------+---------+-------
